 Dungeon Sprint DCSS version 0.31-a0-845-g9abc20d24f (webtiles) character file.

Game seed: 2353936978272450704

7400000 Danienth the Intangible (level 27, -103/228 HPs)
             Began as a Djinni Warper on Oct 2, 2023.
             Was the Champion of Makhleb.
             Annihilated by a destroyer
             ... wielding a +9 heavy great sword
              (218 damage)
             ... in the Dungeon (Sprint VIII: "Arena of Blood").
             The game lasted 00:11:42 (74 turns).

Danienth the Intangible (Djinni Warper)               Turns: 74, Time: 00:11:42

Health: -103/228   AC:  6    Str: 12    XL:     27
Gold:   0          EV: 33    Int: 18    God:    Makhleb [******] SH:  0 Dex: 22

rFire   + + .        i - +∞ Axe of Woe
rCold   x . .        (shield currently unavailable)
rNeg    . . .        b - +0 leather armour
rPois   ∞            (no helmet)
rElec   .            (no cloak)
rCorr   .            (no gloves)
SInv    .            (boots unavailable)
Will    ++...        (no amulet)
Stlth   ++++++++++   (no ring)
HPRegen 0.58/turn    (no ring)
MPRegen 0.00/turn

%: no teleportation, infuse magic (-104 HP)
@: on blink cooldown, flying, hasted and slowed
A: sickness immunity, fire resistance 2, cold vulnerability 1, float, innate
caster, HP casting, extra vitality 1
a: Renounce Religion, Minor Destruction, Lesser Servant of Makhleb, Major
Destruction, Greater Servant of Makhleb


You were in the Dungeon.
You worshipped Makhleb.
Makhleb was exalted by your worship.
You visited 1 branch

Inventory:

Hand Weapons
 a - a +0 hand axe
 i - the +∞ Axe of Woe (weapon)
   (You found it in the Dungeon)
Missiles
 d - 7 darts of dispersal (quivered)
Armour
 b - a +0 leather armour (worn)
Scrolls
 c - 2 scrolls of blinking
Potions
 e - a potion of curing
 h - a potion of berserk rage


   Skills:
 O Level 27 Fighting
 O Level 27 Short Blades
 O Level 27 Long Blades
 O Level 27 Axes
 O Level 27 Maces & Flails
 O Level 27 Polearms
 O Level 27 Staves
 O Level 27 Ranged Weapons
 O Level 27 Throwing
 O Level 27 Armour
 O Level 27 Dodging
 O Level 27 Stealth
 O Level 27 Shields
 O Level 27 Unarmed Combat
 O Level 27 Spellcasting
 O Level 27 Conjurations
 O Level 27 Hexes
 O Level 27 Summonings
 O Level 27 Necromancy
 O Level 27 Translocations
 O Level 27 Transmutations
 O Level 27 Fire Magic
 O Level 27 Ice Magic
 O Level 27 Air Magic
 O Level 27 Earth Magic
 O Level 27 Poison Magic
 O Level 27 Invocations
 O Level 27 Evocations
 O Level 27 Shapeshifting


You knew the following spells:

 Your Spells              Type           Power      Damage    Failure   Level
a - Blink                 Tloc           100%       N/A       0%          2
b - Lesser Beckoning      Tloc           100%       N/A       0%          2
c - Teleport Other        Tloc           88%        N/A       0%          3
d - Manifold Assault      Tloc           88%        N/A       0%          4
e - Vhi's Electric Charg  Tloc/Air       100%       N/A       0%          4
f - Sting                 Tmut/Pois      100%       1d8       0%          1
g - Static Discharge      Conj/Air       100%       2-7/arc   0%          2
h - Momentum Strike       Conj/Tloc      100%       3d10      0%          2
i - Dimensional Bullseye  Hex/Tloc       44%        N/A       0%          4
j - Passage of Golubria   Tloc           88%        N/A       0%          4
k - Agony                 Necr           88%        N/A       0%          5
l - Plasma Beam           Fire/Air       44%        2x1d58    0%          6
m - Malign Gateway        Summ/Tloc      44%        N/A       1%          7
n - Monstrous Menagerie   Summ           44%        N/A       1%          7
o - Infestation           Necr           44%        N/A       1%          8
p - Enfeeble              Hex            44%        N/A       1%          7
q - Polar Vortex          Ice            44%        12d5*     2%          9
r - Death's Door          Necr           44%        N/A       2%          9
Your spell library was empty.

Dungeon Overview and Level Annotations

Branches:
Dungeon (1/1)

Altars:
Makhleb


Innate Abilities, Weirdness & Mutations

You are immune to sickness and miasma.
You are immune to poison.
Your flesh is very heat resistant. (rF++)
You are vulnerable to cold. (rC-)
You float through the air rather than walking.
You learn spells naturally, not from books.
Your magical power is your life essence.
You have superior vitality. (+4 MHP)


Message History

You slash the meat berserker!
You fatally mangle the meat berserker.
You kill the meat berserker!
Makhleb accepts your kill.
You slash the dread!
You hew the dread violently.
You destroy the dread!
Makhleb accepts your kill.
You feel better.
The destroyer points at you and mumbles some strange words.
The destroyer blinks!
Cleave: i) +∞ Axe of Woe
Press: ? - help, Dir - move target, f - meat berserker
Aim: a meat berserker, wielding a +9 battleaxe and wearing a +30 ring of slaying (berserk, about 0% to evade the +∞ Axe of Woe)
You slice the meat berserker!!
You slaughter the meat berserker joyfully.
You kill the meat berserker!
Makhleb accepts your kill.
The meat berserker rages.
Cleave: i) +∞ Axe of Woe
Press: ? - help, Dir - move target, f - meat berserker
Aim: a meat berserker, wielding a +9 battleaxe and wearing a +30 ring of slaying (berserk, about 0% to evade the +∞ Axe of Woe)
You hit the meat berserker but do no damage.
You hew the meat berserker violently.
You kill the meat berserker!
Makhleb accepts your kill.
You feel ready to blink again. The destroyer casts a spell at you.
The destroyer blinks!
The tyrant mumbles some strange words.
The tyrant seems to speed up.
You hear a roar!
Casting: Blink (safe; 0% risk of failure)
Confirm with . or Enter, or press ? or * to list all spells.
You blink.
The tyrant gestures wildly while chanting.
The dread calls on the powers of darkness!
Your body is wracked with pain!
The meat berserker convulses!
The tyrant mumbles some strange words.
The destroyer hits you with a +9 heavy great sword!!!!!
Ouch! That really hurt!
You die...

### ...####
oo..).####
###).)o..####
..OLo).o.)X.####
).).......OLX..####
.))......Oz2XX....#
......#.XL.zX...@.#
....####OX..X...V.#
X..M. .L..X....W..#
...O...§...#......#
..................#
...........#......#
..................#
.... .##.....# ##o.


You could see 4 tentacled monstrosities, a meat beast (fast), 2 tyrants, a
destroyer, 2 sculptors of flesh, 4 large abominations, a dread and 2 meat
berserkers.

Vanquished Creatures
  2 hell beasts (D)
  A royal mummy (D)
  2 wraiths (D)
  11 vampire knights (D)
  27 ogres (D)
  4 two-headed ogres (D)
  3 liches (D)
  2 hydras (D)
  54 orcs (D)
  7 skeletal warriors (D)
113 creatures vanquished.

Notes
Turn   | Place    | Note
-------+----------+-------------------------------------------
     0 | D        | Found the +∞ Axe of Woe
     0 | D        | Danienth the Djinni Warper began the quest for the Orb.
     0 | D        | Danienth set off with the following spells memorised:
                  | Blink, Lesser Beckoning, Teleport Other, Manifold Assault,
                  | Vhi's Electric Charge.
     0 | D        | Reached XP level 1. HP: 18/18 MP: 0/0
     2 | D        | Noticed a bag of meat
     4 | D        | Became a worshipper of Makhleb the Destroyer
     4 | D        | Noticed a bag of meat
     8 | D        | Noticed a bag of meat
     9 | D        | Killed a bag of meat
     9 | D        | Noticed a bag of meat
    10 | D        | Reached XP level 2. HP: 41/41 MP: 0/0
    10 | D        | Reached XP level 3. HP: 47/47 MP: 0/0
    10 | D        | Learned a level 1 spell: Sting
    10 | D        | Reached XP level 4. HP: 53/53 MP: 0/0
    10 | D        | Reached XP level 5. HP: 58/58 MP: 0/0
    10 | D        | Learned a level 2 spell: Static Discharge
    10 | D        | Reached XP level 6. HP: 65/65 MP: 0/0
    10 | D        | Reached XP level 7. HP: 70/70 MP: 0/0
    10 | D        | Learned a level 2 spell: Momentum Strike
    10 | D        | Reached XP level 8. HP: 76/76 MP: 0/0
    10 | D        | Reached XP level 9. HP: 82/82 MP: 0/0
    10 | D        | Learned a level 4 spell: Dimensional Bullseye
    10 | D        | Reached XP level 10. HP: 88/88 MP: 0/0
    10 | D        | Reached XP level 11. HP: 94/94 MP: 0/0
    10 | D        | Learned a level 4 spell: Passage of Golubria
    10 | D        | Killed a bag of meat
    10 | D        | Reached * piety under Makhleb
    10 | D        | Noticed a bag of meat
    11 | D        | Reached XP level 12. HP: 61/103 MP: 0/0
    11 | D        | Killed a bag of meat
    11 | D        | Noticed a meat berserker
    12 | D        | Reached skill level 15 in Axes
    12 | D        | Reached XP level 13. HP: 67/112 MP: 0/0
    12 | D        | Learned a level 5 spell: Agony
    12 | D        | Noticed a large bag of meat
    12 | D        | Noticed a bag of meat
    12 | D        | Noticed a bag of meat
    12 | D        | Noticed a bag of meat
    12 | D        | Noticed a bag of meat
    12 | D        | Noticed a meat berserker
    13 | D        | Noticed a meat berserker
    13 | D        | Noticed a bag of meat
    13 | D        | Noticed a bag of meat
    13 | D        | Noticed a bag of meat
    13 | D        | Noticed a meat berserker
    14 | D        | Noticed a bag of meat
    14 | D        | Noticed a bag of meat
    14 | D        | Noticed a bag of meat
    15 | D        | Noticed a bag of meat
    15 | D        | Noticed a bag of meat
    16 | D        | Killed a bag of meat
    16 | D        | Noticed a meat berserker
    16 | D        | Noticed a meat berserker
    17 | D        | Killed a meat berserker
    17 | D        | Reached ** piety under Makhleb
    17 | D        | Killed a meat berserker
    17 | D        | Killed a meat berserker
    17 | D        | Noticed a meat berserker
    17 | D        | Noticed a meat berserker
    18 | D        | Reached XP level 14. HP: 65/130 MP: 0/0
    18 | D        | Reached XP level 15. HP: 68/135 MP: 0/0
    18 | D        | Learned a level 6 spell: Plasma Beam
    18 | D        | Killed a meat berserker
    18 | D        | Reached *** piety under Makhleb
    18 | D        | Noticed a meat berserker
    19 | D        | Reached skill level 5 in Throwing
    19 | D        | Reached XP level 16. HP: 73/145 MP: 0/0
    19 | D        | Reached **** piety under Makhleb
    20 | D        | Killed a meat berserker
    21 | D        | Reached skill level 27 in Dodging
    21 | D        | Reached XP level 17. HP: 159/159 MP: 0/0
    21 | D        | Learned a level 7 spell: Malign Gateway
    21 | D        | Killed a large bag of meat
    21 | D        | Reached ***** piety under Makhleb
    21 | D        | Noticed a large bag of meat
    21 | D        | Noticed a meat berserker
    21 | D        | Noticed a meat berserker
    22 | D        | Reached skill level 27 in Fighting
    22 | D        | Reached skill level 27 in Armour
    22 | D        | Reached XP level 18. HP: 157/167 MP: 0/0
    22 | D        | Noticed a destroyer
    22 | D        | Noticed a large bag of meat
    22 | D        | Noticed a meat berserker
    22 | D        | Noticed a meat berserker
    22 | D        | Noticed a meat berserker
    23 | D        | Noticed a destroyer
    24 | D        | Reached skill level 27 in Axes
    24 | D        | Noticed a meat berserker
    25 | D        | Killed a meat berserker
    25 | D        | Killed a destroyer
    25 | D        | Reached ****** piety under Makhleb
    25 | D        | Noticed a meat berserker
    26 | D        | Reached XP level 19. HP: 174/174 MP: 0/0
    26 | D        | Learned a level 7 spell: Monstrous Menagerie
    26 | D        | Killed a meat berserker
    27 | D        | Reached XP level 20. HP: 181/181 MP: 0/0
    27 | D        | Killed a large bag of meat
    28 | D        | Noticed a large bag of meat
    29 | D        | Noticed a meat berserker
    29 | D        | Killed a meat berserker
    29 | D        | Killed a meat berserker
    29 | D        | Killed a meat berserker
    29 | D        | Killed a meat berserker
    29 | D        | Killed a meat berserker
    29 | D        | Noticed a meat berserker
    30 | D        | Reached skill level 27 in Throwing
    30 | D        | Reached skill level 27 in Spellcasting
    30 | D        | Reached skill level 27 in Conjurations
    30 | D        | Reached skill level 27 in Hexes
    30 | D        | Reached skill level 27 in Summonings
    30 | D        | Reached skill level 27 in Necromancy
    30 | D        | Reached skill level 27 in Translocations
    30 | D        | Reached skill level 27 in Transmutations
    30 | D        | Reached skill level 27 in Fire Magic
    30 | D        | Reached skill level 27 in Ice Magic
    30 | D        | Reached skill level 27 in Air Magic
    30 | D        | Reached skill level 27 in Earth Magic
    30 | D        | Reached skill level 27 in Poison Magic
    30 | D        | Reached XP level 21. HP: 183/187 MP: 0/0
    30 | D        | Learned a level 8 spell: Infestation
    30 | D        | Reached XP level 22. HP: 189/194 MP: 0/0
    30 | D        | Killed a meat berserker
    30 | D        | Noticed a meat berserker
    31 | D        | Killed a destroyer
    31 | D        | Noticed a destroyer
    31 | D        | Noticed an eight-headed meat hydra
    32 | D        | Reached skill level 10 in Maces & Flails
    32 | D        | Reached skill level 10 in Polearms
    32 | D        | Reached skill level 10 in Ranged Weapons
    32 | D        | Reached skill level 10 in Shapeshifting
    32 | D        | Reached XP level 23. HP: 197/201 MP: 0/0
    32 | D        | Learned a level 7 spell: Enfeeble
    33 | D        | Killed a large bag of meat
    35 | D        | Reached skill level 15 in Shields
    35 | D        | Reached skill level 15 in Unarmed Combat
    35 | D        | Reached skill level 15 in Invocations
    35 | D        | Reached skill level 15 in Evocations
    35 | D        | Reached XP level 24. HP: 104/208 MP: 0/0
    35 | D        | Noticed a destroyer
    36 | D        | Reached skill level 15 in Short Blades
    36 | D        | Reached skill level 15 in Long Blades
    36 | D        | Reached skill level 15 in Staves
    36 | D        | Reached skill level 15 in Stealth
    36 | D        | Noticed a destroyer
    39 | D        | Killed a large bag of meat
    39 | D        | Killed a destroyer
    39 | D        | Noticed a destroyer
    40 | D        | Reached skill level 15 in Maces & Flails
    40 | D        | Reached skill level 15 in Polearms
    40 | D        | Reached skill level 15 in Ranged Weapons
    40 | D        | Reached skill level 15 in Shapeshifting
    41 | D        | Noticed a destroyer
    41 | D        | Noticed a destroyer
    41 | D        | Noticed a destroyer
    42 | D        | Killed a destroyer
    42 | D        | Killed a destroyer
    43 | D        | Reached XP level 25. HP: 214/214 MP: 0/0
    43 | D        | Learned a level 9 spell: Polar Vortex
    43 | D        | Killed a destroyer
    45 | D        | Noticed a destroyer
    47 | D        | Killed a destroyer
    48 | D        | Reached XP level 26. HP: 208/221 MP: 0/0
    48 | D        | Killed a destroyer
    48 | D        | Noticed a destroyer
    49 | D        | Noticed a tyrant
    50 | D        | Noticed a destroyer
    51 | D        | Noticed a tyrant
    51 | D        | Killed a destroyer
    51 | D        | Noticed a tyrant
    52 | D        | Reached XP level 27. HP: 228/228 MP: 0/0
    52 | D        | Learned a level 9 spell: Death's Door
    53 | D        | Killed a tyrant
    54 | D        | Noticed an accursed
    54 | D        | Killed a destroyer
    54 | D        | Killed a destroyer
    58 | D        | Killed an accursed
    59 | D        | Noticed a meat beast
    62 | D        | Reached skill level 27 in Shields
    62 | D        | Reached skill level 27 in Unarmed Combat
    62 | D        | Reached skill level 27 in Invocations
    62 | D        | Reached skill level 27 in Evocations
    62 | D        | Killed a meat beast
    62 | D        | Noticed an accursed
    62 | D        | Noticed a tyrant
    62 | D        | Noticed a tyrant
    63 | D        | Noticed a dread
    64 | D        | Reached skill level 27 in Short Blades
    64 | D        | Reached skill level 27 in Long Blades
    64 | D        | Reached skill level 27 in Staves
    64 | D        | Reached skill level 27 in Stealth
    64 | D        | Noticed a meat beast
    65 | D        | Killed a tyrant
    65 | D        | Killed a tyrant
    66 | D        | Noticed a tyrant
    66 | D        | Noticed a tyrant
    66 | D        | Noticed a meat beast
    66 | D        | Noticed a destroyer
    67 | D        | Killed a meat beast
    68 | D        | Reached skill level 27 in Maces & Flails
    68 | D        | Reached skill level 27 in Polearms
    68 | D        | Reached skill level 27 in Ranged Weapons
    68 | D        | Reached skill level 27 in Shapeshifting
    69 | D        | Noticed a dread
    69 | D        | Killed a dread
    70 | D        | Noticed a dread
    71 | D        | Killed a dread
    74 | D        | Annihilated by a destroyer

Illustrated notes

Levels and vault maps discovered:
D:        meatsprint

Skill      XL: |  1  2  3  4  5  6  7  8  9 10 11 12 13 14 15 16 17 18 19 20 21 22 23 24 25 26 27 |
---------------+----------------------------------------------------------------------------------+-----
Fighting       | 14 16 17 22 23 26 27 | 27.0
Axes           | 12 14 15 19 20 23 26 27 | 27.0
Throwing       | 2 3 4 5 6 8 19 22 27 | 27.0
Armour         | 9 11 13 19 20 24 27 | 27.0
Dodging        | 14 16 18 23 24 27 | 27.0
Spellcasting   | 13 17 27 | 27.0
Conjurations   | 13 17 27 | 27.0
Hexes          | 13 17 27 | 27.0
Summonings     | 13 17 27 | 27.0
Necromancy     | 13 17 27 | 27.0
Translocations | 13 17 27 | 27.0
Transmutations | 13 17 27 | 27.0
Fire Magic     | 13 17 27 | 27.0
Ice Magic      | 13 17 27 | 27.0
Air Magic      | 13 17 27 | 27.0
Earth Magic    | 13 17 27 | 27.0
Poison Magic   | 13 17 27 | 27.0
Short Blades   | 11 14 17 19 22 27 | 27.0
Long Blades    | 11 14 17 19 22 27 | 27.0
Maces & Flails | 10 13 16 18 20 27 | 27.0
Polearms       | 10 13 16 18 20 27 | 27.0
Staves         | 11 14 17 19 22 27 | 27.0
Ranged Weapons | 10 13 16 18 20 27 | 27.0
Stealth        | 11 14 17 19 22 27 | 27.0
Shields        | 12 15 19 21 23 27 | 27.0
Unarmed Combat | 12 15 19 21 23 27 | 27.0
Invocations    | 12 15 19 21 23 27 | 27.0
Evocations     | 12 15 19 21 23 27 | 27.0
Shapeshifting  | 10 13 16 18 20 27 | 27.0

Action                     |  1- 3 |  4- 6 |  7- 9 | 10-12 | 13-15 | 16-18 | 19-21 | 22-24 | 25-27 || total
---------------------------+-------+-------+-------+-------+-------+-------+-------+-------+-------++-------
  Melee: Executioner's axe |     1 |       |       |     2 |     3 |     5 |     3 |    11 |    25 ||    50
   Cast: Blink             |       |       |       |       |     1 |     1 |       |     2 |     4 ||     8
         Teleport Other    |       |       |       |       |       |     1 |       |       |       ||     1
         Monstrous Menager |       |       |       |       |       |       |       |       |     1 ||     1
         Polar Vortex      |       |       |       |       |       |       |       |       |     1 ||     1
    Use: Potion            |       |       |       |       |       |       |     1 |       |     1 ||     2
 Armour: Leather armour    |       |       |       |     1 |     2 |     1 |     8 |    11 |    12 ||    35
  Dodge: Dodged            |       |       |       |       |       |       |     3 |       |    12 ||    15

Table legend: (Time is in decaauts)
 A = Elapsed time spent in this place.
 B = Non-inter-level travel time spent in this place.
 C = Inter-level travel time spent in this place.
 D = Time resting spent in this place.
 E = Time spent auto-exploring this place.
 F = Levels seen in this place.
 G = Mean time per level.
                   A        B        C        D        E       F      G
               +--------+--------+--------+--------+--------+-----+--------+
         Total |     62 |     62 |      0 |      0 |      0 |   1 |   62.0 |
       Dungeon |     62 |     62 |      0 |      0 |      0 |   1 |   62.0 |
               +--------+--------+--------+--------+--------+-----+--------+

Top non-repeatable levels by time:
       D: 62 daAuts
